 Dungeon Crawl Stone Soup version 0.25.1-1-g288607f (webtiles) character file.

Game seed: 11696089046374240388

308430 Arbalist the Victor of a Thousand Battles (level 21, -2/164 HPs)
             Began as a Gnoll Wanderer on Nov 20, 2020.
             Was the Champion of Okawaru.
             Shot with an arrow by a deep elf archer (12 damage)
             ... on level 1 of the Elven Halls on Nov 21, 2020.
             The game lasted 04:40:14 (49459 turns).

Arbalist the Victor of a Thousand Battles (GnWn)   Turns: 49459, Time: 04:40:14

Health: -2/164     AC: 19    Str: 21    XL:     21   Next: 21%
Magic:  41/47      EV: 25    Int: 24    God:    Okawaru [******]
Gold:   2741       SH: 11    Dex: 23    Spells: 10/47 levels left

rFire    + . .     SeeInvis +   C - +2 demon blade (elec)
rCold    + . .     Gourm    .   k - +2 buckler {rC+ rF+}
rNeg     . . .     Faith    .   e - +2 troll leather armour
rPois    .         Spirit   .   c - +2 helmet
rElec    .         Reflect  .   g - scarf {repulsion}
rCorr    .         Harm     .   U - +2 pair of gloves {Str+3}
MR       +....                  N - +2 pair of boots of Complete Protection {Str+3 SInv}
Stlth    +++++++...             x - amulet of regeneration
HPRegen  1.17/turn              o - ring "Paep" {*Drain MP+9 Int+4 Dex+4 Stlth+}
MPRegen  0.30/turn              s - +4 ring of slaying

@: very slightly contaminated, slowed, invisible, repel missiles, very slow
A: distributed training, fangs 1, strong nose
}: 2/15 runes: decaying, gossamer
a: Heroism, Finesse, Renounce Religion


You were on level 1 of the Elven Halls.
You worshipped Okawaru.
Okawaru was exalted by your worship.
You were hungry.

You visited 9 branches of the dungeon, and saw 39 of its levels.
You also visited: Ossuary, Bailey and Ice Cave.

You collected 4718 gold pieces.
You spent 1977 gold pieces at shops.

Inventory:

Hand Weapons
 C - a +2 demon blade of electrocution (weapon)
 L - the +10 dark maul {vorpal}
   (Okawaru gifted it to you on level 4 of the Swamp)

   It inflicts extra damage upon your enemies.
 Q - the +3 dagger "Selionk" {speed, rElec}
   (You found it on level 7 of the Dungeon)

   Attacks with this weapon are significantly faster.
   It insulates you from electricity.
Missiles
 d - 37 boomerangs
 l - 37 poisoned darts
 E - 2 boomerangs of dispersal
 F - 20 curare-tipped darts
 S - 2 throwing nets
 X - 2 atropa-tipped darts (quivered)
Armour
 c - a +2 helmet (worn)
 e - a +2 troll leather armour (worn)
 g - a scarf of repulsion (worn)
 k - a +2 buckler of resistance (worn)
 t - a +2 cloak of stealth
 N - the +2 pair of boots of Complete Protection (worn) {Str+3 SInv}
   (Okawaru gifted it to you on level 4 of the Vaults)

   It affects your strength (+3).
   It lets you see invisible.
 U - a +2 pair of gloves of strength (worn)
Jewellery
 a - an uncursed amulet of magic regeneration
 o - the ring "Paep" (left hand) {*Drain MP+9 Int+4 Dex+4 Stlth+}
   (You found it in an ice cave)

   [ring of stealth]

   It affects your intelligence (+4).
   It affects your dexterity (+4).
   It affects your magic capacity (+9).
   It causes draining when unequipped.
   It makes you more stealthy.
 s - a +4 ring of slaying (right hand)
 x - an amulet of regeneration (around neck)
 P - an uncursed ring of wizardry
 R - a +6 ring of intelligence
 W - an uncursed ring of resist corrosion
Wands
 A - a wand of digging (11)
 J - a wand of iceblast (15)
 T - a wand of acid (8)
Scrolls
 h - 5 scrolls of remove curse
 m - 11 scrolls of identify
 p - a scroll of silence
 w - 8 scrolls of magic mapping
 y - a scroll of enchant armour
 D - 7 scrolls of teleportation
 G - 6 scrolls of fog
 H - 2 scrolls of fear
 V - 2 scrolls of vulnerability
 Y - 2 scrolls of enchant weapon {unknown}
Potions
 i - 3 potions of stabbing
 j - 3 potions of brilliance
 n - 6 potions of resistance
 q - 2 potions of haste
 u - 3 potions of berserk rage
 v - 4 potions of invisibility
 z - 3 potions of magic
 B - 5 potions of mutation
 K - 14 potions of curing
 O - 3 potions of cancellation
Miscellaneous
 M - a phantom mirror
 Z - a phial of floods
Comestibles
 f - 41 rations


   Skills:
 + Level 13.6 Fighting
 + Level 13.6 Short Blades
 + Level 13.6 Long Blades
 + Level 13.6 Axes
 + Level 13.6 Maces & Flails
 + Level 13.6 Polearms
 + Level 13.6 Staves
 + Level 13.6 Slings
 + Level 13.6 Bows
 + Level 13.6 Crossbows
 + Level 14.2 Throwing
 + Level 13.6 Armour
 + Level 13.6 Dodging
 + Level 13.6 Stealth
 + Level 13.6 Shields
 + Level 13.6 Unarmed Combat
 + Level 13.9 Spellcasting
 + Level 11.7 Conjurations
 + Level 11.7 Hexes
 + Level 11.9 Charms
 + Level 14.1 Summonings
 + Level 11.7 Necromancy
 + Level 11.7 Translocations
 + Level 11.7 Transmutations
 + Level 11.7 Fire Magic
 + Level 11.9 Ice Magic
 + Level 11.7 Air Magic
 + Level 11.7 Earth Magic
 + Level 11.7 Poison Magic
 + Level 14.7 Invocations
 + Level 13.6 Evocations


You had 10 spell levels left.
You knew the following spells:

 Your Spells              Type           Power        Failure   Level  Hunger
a - Stone Arrow           Conj/Erth      ######       1%          3    None
b - Ensorcelled Hibernat  Hex/Ice        ######       1%          2    None
c - Mephitic Cloud        Conj/Pois/Air  ######..     1%          3    None
d - Ignite Poison         Fire/Tmut/Pois ######..     1%          3    None
e - Invisibility          Hex            ######..     4%          6    #####..
f - Petrify               Tmut/Erth      ######..     1%          4    None
g - Summon Butterflies    Summ           ######..     0%          1    None
h - Ozocubu's Armour      Chrm/Ice       ######..     1%          3    None
j - Lee's Rapid Deconstr  Erth           ######....   1%          5    ###....
s - Iskenderun's Battles  Conj/Chrm      ######..     1%          5    ###....
x - Blink                 Tloc           N/A          1%          2    None

Your spell library contained the following spells:

 Spells                   Type           Power        Failure   Level  Hunger
 Apportation              Tloc           ######       1%          1    None
 Freeze                   Ice            ####         1%          1    None
 Infusion                 Chrm           ####         1%          1    None
 Magic Dart               Conj           ####         1%          1    None
 Sandblast                Erth           ######       1%          1    None
 Sting                    Tmut/Pois      ####         1%          1    None
 Call Imp                 Summ           ######..     1%          2    None
 Corpse Rot               Necr/Air       N/A          1%          2    None
 Passwall                 Tmut/Erth      ######..     1%          2    None
 Shroud of Golubria       Chrm/Tloc      ######       1%          2    None
 Slow                     Hex            ######..     1%          2    None
 Song of Slaying          Chrm           ######..     1%          2    None
 Conjure Flame            Conj/Fire      ######..     1%          3    None
 Lesser Beckoning         Tloc           ######....   1%          3    None
 Spectral Weapon          Hex/Chrm       ######..     1%          3    None
 Tukima's Dance           Hex            ######..     1%          3    None
 Animate Dead             Necr           N/A          1%          4    None
 Hailstorm                Conj/Ice       ######..     1%          4    None
 Ice Form                 Ice/Tmut       ######..     1%          4    None
 Iskenderun's Mystic Bla  Conj/Tloc      ######..     1%          4    None
 Leda's Liquefaction      Hex/Erth       ######....   1%          4    None
 Summon Ice Beast         Ice/Summ       ######..     1%          4    None
 Alistair's Intoxication  Tmut/Pois      ######..     1%          5    ###....
 Bolt of Magma            Conj/Fire/Erth ######....   1%          5    ###....
 Borgnjor's Vile Clutch   Necr/Erth      ######....   1%          5    ###....
 Lightning Bolt           Conj/Air       ######....   1%          5    ###....
 Metabolic Englaciation   Hex/Ice        ######....   1%          5    ###....
 Silence                  Hex/Air        ######....   1%          5    ###....
 Summon Forest            Summ/Tloc      ######....   1%          5    ###....
 Summon Mana Viper        Hex/Summ       ######..     1%          5    ###....
 Shadow Creatures         Summ           N/A          1%          6    #####..
 Darkness                 Hex            ######....   4%          6    #####..
 Freezing Cloud           Conj/Ice/Air   ######....   4%          6    #####..
 Iron Shot                Conj/Erth      ######....   4%          6    #####..
 Spellforged Servitor     Conj/Summ      ######....   16%         7    ######.
 Orb of Destruction       Conj           ######....   26%         7    ######.


Dungeon Overview and Level Annotations

Branches:
Dungeon (15/15)            Temple (1/1) D:7            Lair (6/6) D:11
  Swamp (4/4) Lair:3       Spider (4/4) Lair:4        Slime (0/5) Lair:5
    Orc (2/2) D:9             Elf (1/3) Orc:2        Vaults (5/5) D:13
  Crypt (0/3) Vaults:2     Depths (1/5) D:15        Ossuary (visited)
 Bailey (visited)           IceCv (visited)

Altars:
Ashenzari
Cheibriados
Dithmenos
Elyvilon
Fedhas
Gozag
Hepliaklqana
Kikubaaqudgha
Makhleb
Nemelex Xobeh
Okawaru
Qazlal
Ru
Sif Muna
Trog
Uskayaw
Vehumet
Wu Jian
Xom
Yredelemnul
Zin
The Shining One

Shops:
D:7 ?}*   D:8 }   D:12 *   D:14 (   Orc:2 (}(!!   Vaults:1 =?

Portals:
Hell: Lair:6
Pandemonium: Orc:2

Annotations:
D:10 exclusion: orange crystal statue
Lair:1 3 runed translucent doors, roseMary's ghost, journeyman TrMo
Lair:4 2 transporters, bogs101's ghost, journeyman DEWz
Lair:5 1 runed translucent door, exclusion: 2 oklob plants, Panli's ghost, journeyman CeAM
Vaults:2 1 runed translucent door, SlowGraham's ghost, legendary KoMo


Innate Abilities, Weirdness & Mutations

Your experience applies equally to all skills.
You have very sharp teeth.
Your uncanny sense of smell can sniff out nearby items.


Message History

You riposte.
You slash the deep elf knight!
Lightning courses through the deep elf knight!!
You kill the deep elf knight!
Okawaru accepts your kill.
The deep elf archer shoots an arrow.
The arrow completely misses you.
Unknown command.
Okay, then.
That item cannot be evoked!
Press: ? - help, v - describe, . - travel, g - get item
Here: a deep elf archer, wielding a +0 longbow, wearing a cursed +0 leather armour and quivering 16 arrows (repelling missiles)
A plate armour.
The floor.
Casting: Mephitic Cloud (safe; 1% risk of failure)
Confirm with . or Enter, or press ? or * to list all spells.
Aiming: Invisibility (dangerous; 4% risk of failure)
Press: ? - help, Shift-Dir - straight line, f - you You fade into invisibility!
You are very lightly contaminated with residual magic.
The deep elf archer shoots an arrow.
The arrow hits you!
You die...

.# ∆ .#
#####.#
##..(..#
##......##
#.....e..#
#........#####
#.(......e....
#....(@..####
#....))..#
#.(......#
##.(..(.##
##....##
######


You could see 2 deep elf archers.

Vanquished Creatures
  Saint Roka (Vaults:4)
  A bone dragon (Swamp:4)
  Jory (Vaults:4)
  A tentacled monstrosity (Vaults:5)
  Asterion (Spider:4)
  A quicksilver dragon (Vaults:5)
  A sphinx (Vaults:5)
  A shadow dragon (Vaults:5)
  2 thorn hunters (Swamp:3)
  A storm dragon (Vaults:5)
  3 frost giants
  Roxanne (Spider:1)
  7 emperor scorpions
  4 ghost moths
  15 vault wardens
  5 fire giants
  A war gargoyle (Vaults:5)
  3 very ugly things
  6 entropy weavers
  The ghost of tiocybot the Martial Artist, a journeyman GnTm of Sif Muna (D:12)
  11 stone giants
  11 ironheart preservers
  A deep elf demonologist (Vaults:3)
  A spark wasp (Spider:3)
  3 deep elf annihilators (Vaults:2)
  A dire elephant (Lair:6)
  3 ettins
  A fire dragon (Vaults:4)
  A crystal guardian (Vaults:3)
  7 yaktaur captains
  Josephine (D:14)
  A great orb of eyes (Vaults:3)
  3 rakshasas (Vaults:3)
  19 vault guards
  3 ice dragons
  Fannar (D:10)
  8 hydras
  3 centaur warriors
  2 ghost crabs
  5 death knights
  A shambling mangrove (Swamp:3)
  39 two-headed ogres
  14 alligators
  13 ogre magi
  2 tengu warriors (D:14)
  6 orc high priests (Orc:2)
  5 hell knights (Vaults:5)
  Sonja (Lair:5)
  8 spriggans
  3 deep elf knights
  A sun demon (Lair:6)
  A spriggan druid (Swamp:4)
  A flayed ghost (Vaults:3)
  A shadow wraith (Vaults:3)
  6 skeletal warriors
  2 glowing orange brains
  2 swamp dragons
  A deep troll (Vaults:4)
  A gelid demonspawn (Orc:2)
  5 deep elf archers
  3 wizards
  4 necromancers
  5 spectral hydras (Swamp:4)
  2 harpies (shapeshifter)
  An orange crystal statue (Vaults:3)
  11 orc knights
  4 phantasmal warriors
  5 harpies (Vaults:1)
  13 ironbrand convokers
  4 deep elf magi
  13 orb spiders
  9 orc sorcerers
  11 ugly things
  2 oklob plants
  22 wolf spiders
  5 moths of wrath
  3 cyclopes
  A manticore (D:12)
  16 vault sentinels
  A black mamba (shapeshifter) (Vaults:4)
  A torpor snail (shapeshifter) (Vaults:3)
  4 black mambas
  An ice statue (IceCv)
  A fire giant skeleton (Depths:1)
  A gargoyle (D:13)
  5 elephants (Lair:4)
  A spiny frog (shapeshifter) (D:15)
  17 spiny frogs
  4 rime drakes
  A rust devil (Orc:2)
  7 freezing wraiths
  3 swamp worm zombies (Swamp:4)
  2 kobold demonologists (D:11)
  6 komodo dragons
  2 komodo dragons (shapeshifter)
  An efreet (D:15)
  A hellwing (Lair:6)
  3 ice devils
  15 demonic crawlers
  24 yaktaurs
  4 red devils
  3 hydra zombies (Swamp:4)
  8 trolls
  17 jumping spiders
  21 polar bears
  17 hornets
  A tengu simulacrum (Vaults:5)
  10 tyrant leeches
  6 blink frogs
  2 wolf spider simulacra
  5 hippogriffs
  An ettin zombie (Vaults:5)
  A spectral swamp dragon (Swamp:4)
  12 slime creatures
  12 bog bodies
  3 alligator zombies (Swamp:4)
  A meliai zombie (D:12)
  A water elemental (D:11)
  50 redbacks
  3 shadows
  21 tarantellas
  A vampire (D:14)
  A spriggan (shapeshifter) (Vaults:4)
  3 centaur simulacra
  62 yaks
  6 wraiths
  A chaos spawn (Orc:2)
  4 basilisks
  A hungry ghost (D:13)
  Edmund (D:5)
  A redback simulacrum (D:12)
  11 vampire mosquitoes (Swamp:1)
  7 wargs
  2 acid dragons
  A soldier ant (D:15)
  19 swamp worms
  17 insubstantial wisps
  17 water moccasins
  Duvessa (D:7)
  4 hell hounds (Lair:6)
  A black bear (D:10)
  3 porcupines
  A meliai simulacrum (D:12)
  4 sky beasts
  4 swamp drakes
  31 orc warriors
  11 ice beasts
  9 phantoms
  An eye of draining (D:8)
  4 boggarts (Vaults:2)
  A hornet zombie (D:12)
  A necrophage (D:6)
  4 swamp dragon zombies (Swamp:4)
  33 ogres
  23 wolves
  12 centaurs
  12 crocodiles
  3 big kobolds
  A glowing shapeshifter simulacrum (Vaults:2)
  6 bullfrogs
  3 gnoll sergeants (D:7)
  A water moccasin zombie (D:9)
  6 scorpions
  A wyvern skeleton (D:14)
  A tengu zombie (Depths:1)
  Dowan (D:7)
  4 killer bees (D:8)
  A human simulacrum (Vaults:3)
  10 wights
  6 electric eels
  5 crimson imps
  6 centaur zombies
  A human zombie (Ossuary)
  A jelly (D:14)
  A wyvern simulacrum (D:12)
  A hound (shapeshifter) (Vaults:4)
  23 orc priests
  2 bullfrog skeletons
  13 hounds
  4 centaur skeletons
  3 gnoll shamans
  2 iguanas
  12 orc wizards
  A spectral swamp drake (Swamp:4)
  8 worker ants
  A big kobold zombie (Ossuary)
  A hound zombie (D:5)
  2 hound skeletons (D:5)
  2 mummies (Ossuary)
  A howler monkey zombie (D:6)
  8 adders
  17 gnolls
  A swamp drake zombie (Swamp:4)
  5 shadow imps
  An ooze (D:7)
  2 adder zombies
  An adder skeleton (D:7)
  7 worms
  3 leopard geckos
  86 orcs
  2 giant cockroaches
  9 goblins
  6 hobgoblins
  5 jackals
  3 quokkas
  2 ball pythons
  3 bats
  7 frilled lizards
  A gnoll zombie (Ossuary)
  3 hobgoblin zombies (Ossuary)
  22 kobolds
  A leopard gecko skeleton (D:4)
  4 rats
  2 plants
1340 creatures vanquished.

Vanquished Creatures (collateral kills)
  2 hydras
  2 shambling mangroves
  A spiny frog (Swamp:1)
  2 hornets
  A tyrant leech (Swamp:1)
  A tarantella (Spider:2)
  Sigmund (D:2)
  A redback (Spider:3)
  A wraith (Ossuary)
  A basilisk (Lair:1)
  A hungry ghost (D:8)
  A swamp worm (Swamp:1)
  An ogre (D:6)
  2 swamp drakes (Swamp:1)
  A bullfrog (D:11)
  A bullfrog zombie (D:7)
  3 orc wizards
  Crazy Yiuf (D:2)
  A hound (D:7)
  A jelly (D:5)
  An orc priest (D:4)
  5 worker ants
  A hound skeleton (D:7)
  A mummy (Ossuary)
  4 gnolls (D:7)
  4 adders
  2 oozes (D:1)
  An adder skeleton (D:4)
  A dart slug (D:2)
  2 leopard geckos
  6 orcs
  A ball python (D:4)
  A giant cockroach (D:2)
  4 goblins
  4 hobgoblins
  3 jackals
  A bat (D:2)
  2 frilled lizards
  A goblin zombie (Ossuary)
  2 hobgoblin zombies (Ossuary)
  2 kobolds (D:1)
  A kobold zombie (Ossuary)
  2 rats
78 creatures vanquished.

Vanquished Creatures (others)
  A death yak (IceCv)
  A dancing weapon (Elf:1)
  An alligator (Swamp:3)
  An orc knight (Vaults:5)
  A hornet (Swamp:1)
  A redback (Spider:4)
  A yak (IceCv)
  A swamp drake (Swamp:3)
  An orc (D:11)
  9 fungi
  4 plants
22 creatures vanquished.

Grand Total: 1440 creatures vanquished

Notes
Turn   | Place    | Note
-------+----------+-------------------------------------------
     0 | D:1      | Arbalist the Gnoll Wanderer began the quest for the Orb.
     0 | D:1      | Arbalist set off with the following items: a +0 dagger, 9
                  | poisoned darts, a +0 robe, a ration; and the following
                  | spells available to memorise: Call Imp, Magic Dart, Sting,
                  | Blink, Slow, Conjure Flame, Ignite Poison, Mephitic Cloud
     0 | D:1      | Reached XP level 1. HP: 13/13 MP: 4/4
   392 | D:1      | Reached XP level 2. HP: 9/19 MP: 5/5
   396 | D:1      | Learned a level 2 spell: Call Imp
  1894 | D:2      | Reached XP level 3. HP: 25/25 MP: 1/7
  2031 | D:2      | Found a runed translucent door.
  2032 | D:2      | Noticed Crazy Yiuf
  2080 | D:2      | Killed Crazy Yiuf
  2080 | D:2      | Reached skill level 1 in Invocations
  2220 | D:2      | Found a stormy altar of Qazlal.
  2517 | D:2      | Noticed Sigmund
  2568 | D:2      | Killed Sigmund
  2568 | D:2      | Reached skill level 1 in Fighting
  2568 | D:2      | Reached skill level 1 in Short Blades
  2568 | D:2      | Reached skill level 1 in Long Blades
  2568 | D:2      | Reached skill level 1 in Axes
  2568 | D:2      | Reached skill level 1 in Maces & Flails
  2568 | D:2      | Reached skill level 1 in Polearms
  2568 | D:2      | Reached skill level 1 in Staves
  2568 | D:2      | Reached skill level 1 in Slings
  2568 | D:2      | Reached skill level 1 in Bows
  2568 | D:2      | Reached skill level 1 in Crossbows
  2568 | D:2      | Reached skill level 1 in Armour
  2568 | D:2      | Reached skill level 1 in Dodging
  2568 | D:2      | Reached skill level 1 in Stealth
  2568 | D:2      | Reached skill level 1 in Shields
  2568 | D:2      | Reached skill level 1 in Unarmed Combat
  2568 | D:2      | Reached skill level 1 in Conjurations
  2568 | D:2      | Reached skill level 1 in Hexes
  2568 | D:2      | Reached skill level 1 in Necromancy
  2568 | D:2      | Reached skill level 1 in Translocations
  2568 | D:2      | Reached skill level 1 in Transmutations
  2568 | D:2      | Reached skill level 1 in Fire Magic
  2568 | D:2      | Reached skill level 1 in Air Magic
  2568 | D:2      | Reached skill level 1 in Earth Magic
  2568 | D:2      | Reached skill level 1 in Poison Magic
  2568 | D:2      | Reached skill level 1 in Evocations
  2568 | D:2      | Reached XP level 4. HP: 32/32 MP: 2/8
  2568 | D:2      | Reached XP level 5. HP: 37/37 MP: 2/9
  2692 | D:2      | You fall into a shaft and drop 2 floors!
  2859 | D:4      | Noticed a phantom
  2988 | D:3      | You fall into a shaft and drop 3 floors!
  2988 | D:6      | Noticed an ogre
  3007 | D:6      | Killed an ogre
  3007 | D:6      | Reached XP level 6. HP: 44/44 MP: 5/10
  3062 | D:5      | Entered Level 5 of the Dungeon
  3128 | D:5      | Found a sand-covered staircase.
  3134 | Ossuary  | Entered an ossuary
  3134 | Ossuary  | Noticed a wraith
  3134 | Ossuary  | Noticed a wraith
  3134 | Ossuary  | Noticed a wraith
  3237 | Ossuary  | Noticed a wraith
  3453 | Ossuary  | Reached skill level 5 in Throwing
  3511 | Ossuary  | Killed a wraith
  3511 | Ossuary  | Reached XP level 7. HP: 30/50 MP: 10/12
  4501 | D:3      | Reached XP level 8. HP: 53/57 MP: 12/14
  5870 | D:5      | Noticed Edmund
  5881 | D:5      | Killed Edmund
  6033 | D:5      | You fall into a shaft and drop 2 floors!
  6034 | D:7      | Noticed Duvessa
  6034 | D:7      | Noticed Dowan
  6039 | D:7      | Killed Dowan
  6078 | D:7      | Killed Duvessa
  6393 | D:6      | Reached XP level 9. HP: 55/65 MP: 14/16
  6397 | D:6      | Learned a level 2 spell: Blink
  7042 | D:7      | Found Wabeog's Gadget Emporium.
  7143 | D:7      | Found a staircase to the Ecumenical Temple.
  7152 | Temple   | Entered the Ecumenical Temple
  7388 | D:7      | Found Belock's Assorted Antiques.
  7407 | D:7      | Found a white marble altar of Elyvilon.
  7425 | D:7      | Found Jakeinki's Magic Scroll Boutique.
  7442 | D:7      | Bought a scroll of identify for 28 gold pieces
  7442 | D:7      | Bought a scroll of teleportation for 42 gold pieces
  7591 | D:7      | Reached skill level 5 in Spellcasting
  7633 | D:8      | Noticed a hornet
  8113 | D:6      | Killed a hornet
  8291 | D:7      | Found an iron altar of Okawaru.
  8312 | D:7      | Became a worshipper of Warmaster Okawaru
  8613 | D:7      | Got an ivory dagger
  8614 | D:7      | Identified the +3 dagger "Selionk" {speed, rElec} (You
                  | found it on level 7 of the Dungeon)
  8814 | D:8      | Reached skill level 5 in Invocations
  8944 | D:8      | Reached * piety under Okawaru
  8959 | D:8      | Found Giklat's Gadget Shop.
  9054 | D:8      | Reached XP level 10. HP: 73/73 MP: 18/18
  9426 | D:8      | Found a glowing silver altar of Zin.
  9522 | D:9      | Found a staircase to the Orcish Mines.
  9581 | D:9      | Reached ** piety under Okawaru
  9581 | D:9      | Reached skill level 5 in Fighting
  9581 | D:9      | Reached skill level 5 in Short Blades
  9581 | D:9      | Reached skill level 5 in Long Blades
  9581 | D:9      | Reached skill level 5 in Axes
  9581 | D:9      | Reached skill level 5 in Maces & Flails
  9581 | D:9      | Reached skill level 5 in Polearms
  9581 | D:9      | Reached skill level 5 in Staves
  9581 | D:9      | Reached skill level 5 in Slings
  9581 | D:9      | Reached skill level 5 in Bows
  9581 | D:9      | Reached skill level 5 in Crossbows
  9581 | D:9      | Reached skill level 5 in Armour
  9581 | D:9      | Reached skill level 5 in Dodging
  9581 | D:9      | Reached skill level 5 in Stealth
  9581 | D:9      | Reached skill level 5 in Shields
  9581 | D:9      | Reached skill level 5 in Unarmed Combat
  9581 | D:9      | Reached skill level 5 in Evocations
  9795 | D:9      | Identified Duzuefae's Incunabulum of Ashen Dislocation
  9816 | D:9      | Learned a level 3 spell: Mephitic Cloud
  9820 | D:9      | Learned a level 3 spell: Ignite Poison
 10245 | D:10     | Entered Level 10 of the Dungeon
 10327 | D:10     | Noticed Fannar
 10370 | D:10     | Killed Fannar
 10370 | D:10     | Reached *** piety under Okawaru
 10370 | D:10     | Reached skill level 5 in Charms
 10370 | D:10     | Reached skill level 5 in Ice Magic
 10622 | D:10     | Found a snail-covered altar of Cheibriados.
 10655 | D:10     | Received a gift from Okawaru
 11234 | D:10     | Noticed an orange crystal statue
 11238 | D:10     | Got a shimmering pewter ring
 11242 | D:10     | Identified the Papyrus of Spatial Execration
 11361 | D:11     | Reached skill level 10 in Summonings
 11426 | D:11     | Reached XP level 11. HP: 77/81 MP: 15/20
 11597 | D:11     | Found a staircase to the Lair.
 11612 | D:11     | Reached **** piety under Okawaru
 11681 | D:11     | Noticed a six-headed hydra
 11698 | D:11     | Killed a six-headed hydra
 11698 | D:11     | Reached skill level 5 in Conjurations
 11698 | D:11     | Reached skill level 5 in Hexes
 11698 | D:11     | Reached skill level 5 in Necromancy
 11698 | D:11     | Reached skill level 5 in Translocations
 11698 | D:11     | Reached skill level 5 in Transmutations
 11698 | D:11     | Reached skill level 5 in Fire Magic
 11698 | D:11     | Reached skill level 5 in Air Magic
 11698 | D:11     | Reached skill level 5 in Earth Magic
 11698 | D:11     | Reached skill level 5 in Poison Magic
 12148 | D:11     | Reached ***** piety under Okawaru
 12283 | D:11     | Noticed a centaur warrior
 12303 | D:11     | Killed a centaur warrior
 12665 | D:12     | Noticed a skeletal warrior
 12669 | D:12     | Noticed a skeletal warrior
 12669 | D:12     | Noticed a skeletal warrior
 12674 | D:12     | Noticed a skeletal warrior
 12675 | D:12     | Noticed a skeletal warrior
 12735 | Lair:1   | Entered Level 1 of the Lair of Beasts
 12820 | Lair:1   | Noticed roseMary's ghost (journeyman TrMo)
 12822 | Lair:1   | Noticed a death yak
 12852 | Lair:1   | Found a runed translucent gate.
 12852 | Lair:1   | Found a runed translucent gate.
 12852 | Lair:1   | Found a runed translucent gate.
 12866 | Lair:1   | Received a gift from Okawaru
 13361 | Lair:1   | Received a gift from Okawaru
 13405 | Lair:1   | Reached XP level 12. HP: 72/89 MP: 15/23
 13921 | Lair:2   | Learned a level 3 spell: Ozocubu's Armour
 14644 | Lair:3   | Found the +10 tower shield of Ignorance {rN+ Int-4}
 14778 | Lair:3   | Found a staircase to the Swamp.
 14785 | Lair:3   | Identified the ring of Zugizxi {*Drain rPois SInv Stlth+}
                  | (You found it on level 10 of the Dungeon)
 15372 | Lair:4   | Received a gift from Okawaru
 15520 | Lair:4   | Noticed an eight-headed hydra
 15527 | Lair:4   | Killed an eight-headed hydra
 15599 | Lair:4   | Noticed a five-headed hydra
 15606 | Lair:4   | Killed a five-headed hydra
 15786 | Lair:4   | Reached XP level 13. HP: 97/98 MP: 16/25
 16033 | Lair:4   | Found a hole to the Spider Nest.
 16054 | Lair:4   | Identified the cursed +0 trident of Equilibrium {protect,
                  | *Contam rF+ Str+4}
 16084 | Lair:4   | Noticed bogs101's ghost (journeyman DEWz)
 16088 | Lair:4   | Found a transporter.
 16094 | Lair:4   | Found a transporter.
 16181 | Lair:4   | Identified the +2 spear "Paryfem" {freeze, +Fly rElec
                  | Dex-5}
 16184 | Lair:4   | Found a bloodstained altar of Trog.
 16359 | Lair:5   | Found a runed translucent door.
 16359 | Lair:5   | Noticed Panli's ghost (journeyman CeAM)
 16383 | Lair:5   | Found a staircase to the Slime Pits.
 16501 | Lair:5   | Noticed Sonja
 16515 | Lair:5   | Killed Sonja
 16573 | Lair:5   | Reached ****** piety under Okawaru
 16573 | Lair:5   | Received a gift from Okawaru
 17111 | Lair:6   | Entered Level 6 of the Lair of Beasts
 17919 | Lair:6   | Received a gift from Okawaru
 17952 | Lair:6   | Noticed a dire elephant
 18069 | Lair:5   | Learned a level 4 spell: Petrify
 18219 | Lair:6   | Received a gift from Okawaru
 18224 | Lair:6   | Found a burning altar of Makhleb.
 18380 | Lair:6   | Received a gift from Okawaru
 18410 | Lair:6   | Found a gateway to Hell.
 18558 | Lair:6   | Killed a dire elephant
 18910 | D:11     | Received a gift from Okawaru
 18910 | D:11     | Reached XP level 14. HP: 97/106 MP: 22/27
 18955 | D:12     | Found a runed translucent gate.
 18957 | D:12     | Noticed tiocybot's ghost (journeyman GnTm)
 18959 | D:12     | Found a runed translucent gate.
 18959 | D:12     | Found a runed translucent gate.
 19039 | D:12     | Found a shattered altar of Ashenzari.
 19103 | D:13     | Received a gift from Okawaru
 19150 | D:13     | Found a flagged portal.
 19187 | Bailey   | Entered a bailey
 19568 | D:12     | Reached skill level 10 in Throwing
 19583 | D:13     | Received a gift from Okawaru
 19841 | D:13     | Found a gate to the Vaults.
 20459 | D:12     | Found Xodiog's Mayhem Merchandise.
 20568 | D:12     | Learned a level 1 spell: Summon Butterflies
 21114 | D:14     | Received a gift from Okawaru
 21274 | D:14     | Found a frozen archway.
 21290 | D:14     | Reached skill level 10 in Invocations
 21305 | IceCv    | Entered an ice cave
 21450 | IceCv    | Got a scintillating copper ring
 21822 | IceCv    | Noticed a frost giant
 21911 | IceCv    | Killed a frost giant
 21927 | IceCv    | Identified Bekeisae's Catalogue of Snow
 21947 | IceCv    | Identified the ring "Paep" {*Drain MP+9 Int+4 Dex+4 Stlth+}
                  | (You found it in an ice cave)
 22171 | Orc:1    | Entered Level 1 of the Orcish Mines
 22177 | Orc:1    | Learned a level 4 spell: Hailstorm
 22242 | Orc:1    | Reached XP level 15. HP: 114/114 MP: 26/28
 22256 | Orc:1    | Reached skill level 10 in Spellcasting
 22723 | Orc:2    | Entered Level 2 of the Orcish Mines
 22723 | Orc:2    | Found a staircase to the Elven Halls.
 22927 | Orc:2    | Received a gift from Okawaru
 22941 | Orc:2    | Found Dusmeask's Distillery.
 22978 | Orc:2    | Found Giyddolu's Distillery.
 22991 | Orc:2    | Paralysed by an orc sorcerer for 5 turns
 23488 | Orc:2    | Found Xothrukupp's Antique Weapon Shop.
 23488 | Orc:2    | Found a one-way gate leading to the halls of Pandemonium.
 23488 | Orc:2    | Found Oxoll's Gadget Boutique.
 23492 | Orc:2    | Received a gift from Okawaru
 23602 | Orc:2    | Bought a potion of heal wounds for 65 gold pieces
 23602 | Orc:2    | Bought 2 potions of curing for 78 gold pieces
 23604 | Orc:2    | Bought a potion of heal wounds for 70 gold pieces
 23604 | Orc:2    | Bought a potion of curing for 42 gold pieces
 23604 | Orc:2    | Bought a potion of curing for 42 gold pieces
 23604 | Orc:2    | Bought a potion of curing for 42 gold pieces
 23838 | Orc:2    | Found Soovyo's Antique Weapon Shoppe.
 23846 | Orc:2    | Bought a shimmering lajatang for 480 gold pieces
 23846 | Orc:2    | Identified the +6 lajatang "Ytsedde" {antimagic, *Contam
                  | rF+++ Int+4 Stlth+} (You bought it in a shop on level 2 of
                  | the Orcish Mines)
 23902 | Orc:2    | Bought a warped mace for 328 gold pieces
 23902 | Orc:2    | Identified the +3 mace "Urrok" {pain, +Rage rElec Str-2
                  | Int+5} (You bought it in a shop on level 2 of the Orcish
                  | Mines)
 24336 | Swamp:1  | Entered Level 1 of the Swamp
 24435 | Lair:3   | Learned a level 4 spell: Summon Ice Beast
 24668 | Swamp:1  | Reached skill level 10 in Fighting
 24668 | Swamp:1  | Reached skill level 10 in Short Blades
 24668 | Swamp:1  | Reached skill level 10 in Long Blades
 24668 | Swamp:1  | Reached skill level 10 in Axes
 24668 | Swamp:1  | Reached skill level 10 in Maces & Flails
 24668 | Swamp:1  | Reached skill level 10 in Polearms
 24668 | Swamp:1  | Reached skill level 10 in Staves
 24668 | Swamp:1  | Reached skill level 10 in Slings
 24668 | Swamp:1  | Reached skill level 10 in Bows
 24668 | Swamp:1  | Reached skill level 10 in Crossbows
 24668 | Swamp:1  | Reached skill level 10 in Armour
 24668 | Swamp:1  | Reached skill level 10 in Dodging
 24668 | Swamp:1  | Reached skill level 10 in Stealth
 24668 | Swamp:1  | Reached skill level 10 in Shields
 24668 | Swamp:1  | Reached skill level 10 in Unarmed Combat
 24668 | Swamp:1  | Reached skill level 10 in Evocations
 25019 | Swamp:1  | Received a gift from Okawaru
 25383 | Swamp:1  | Learned a level 2 spell: Ensorcelled Hibernation
 25387 | Swamp:1  | Learned a level 3 spell: Stone Arrow
 26691 | Swamp:3  | Reached XP level 16. HP: 120/122 MP: 30/30
 26703 | Swamp:3  | Learned a level 5 spell: Iskenderun's Battlesphere
 26778 | Swamp:3  | Noticed a thorn hunter
 27432 | Swamp:4  | Entered Level 4 of the Swamp
 27673 | Swamp:4  | Received a gift from Okawaru
 27674 | Swamp:4  | Found the +10 dark maul {vorpal}
 29409 | Swamp:3  | Noticed a thorn hunter
 29422 | Swamp:3  | Killed a thorn hunter
 29422 | Swamp:3  | Received a gift from Okawaru
 29751 | Swamp:3  | Killed a thorn hunter
 29897 | Swamp:4  | Noticed a bone dragon
 29905 | Swamp:4  | Killed a bone dragon
 30279 | Swamp:4  | Got a decaying rune of Zot
 30487 | Spider:1 | Entered Level 1 of the Spider Nest
 30577 | Spider:1 | Noticed Roxanne
 30585 | Spider:1 | Learned a level 5 spell: Lee's Rapid Deconstruction
 30593 | Spider:1 | Killed Roxanne
 31895 | Spider:2 | Received a gift from Okawaru
 31905 | Spider:2 | Reached XP level 17. HP: 111/131 MP: 9/32
 32072 | Spider:2 | Identified the Handbook of the Disturbing Prophets
 34288 | Spider:4 | Entered Level 4 of the Spider Nest
 34326 | Spider:4 | Noticed Asterion
 34334 | Spider:4 | Killed Asterion
 34423 | Spider:4 | Reached skill level 10 in Charms
 34423 | Spider:4 | Reached skill level 10 in Ice Magic
 35034 | Spider:4 | Received a gift from Okawaru
 35509 | Spider:4 | Received a gift from Okawaru
 35788 | Spider:4 | Reached skill level 10 in Conjurations
 35788 | Spider:4 | Reached skill level 10 in Hexes
 35788 | Spider:4 | Reached skill level 10 in Necromancy
 35788 | Spider:4 | Reached skill level 10 in Translocations
 35788 | Spider:4 | Reached skill level 10 in Transmutations
 35788 | Spider:4 | Reached skill level 10 in Fire Magic
 35788 | Spider:4 | Reached skill level 10 in Air Magic
 35788 | Spider:4 | Reached skill level 10 in Earth Magic
 35788 | Spider:4 | Reached skill level 10 in Poison Magic
 35822 | Spider:4 | Got a gossamer rune of Zot
 36269 | D:12     | Killed tiocybot's ghost
 36269 | D:12     | Reached XP level 18. HP: 139/139 MP: 11/34
 37198 | D:5      | Found a basalt altar of Yredelemnul.
 37554 | D:14     | Noticed Josephine
 37576 | D:14     | Killed Josephine
 37735 | D:14     | Found Nuhepuq's Antique Weapon Emporium.
 37958 | D:14     | Found a stormy altar of Qazlal.
 38189 | D:15     | Entered Level 15 of the Dungeon
 38349 | D:15     | Found an opulent altar of Gozag.
 38697 | D:15     | Found a staircase to the Depths.
 38723 | Depths:1 | Entered Level 1 of the Depths
 38767 | D:15     | Received a gift from Okawaru
 38947 | Vaults:1 | Entered Level 1 of the Vaults
 39476 | Vaults:1 | Found Binue's Magic Scroll Boutique.
 40031 | Vaults:1 | Found Buom's Jewellery Shoppe.
 40314 | Vaults:2 | Received a gift from Okawaru
 40433 | Vaults:2 | Found a staircase to the Crypt.
 40504 | Vaults:2 | Received a gift from Okawaru
 40762 | Vaults:2 | Found a runed translucent door.
 40764 | Vaults:2 | Noticed SlowGraham's ghost (legendary KoMo)
 40924 | Vaults:2 | Received a gift from Okawaru
 41067 | Vaults:2 | Reached XP level 19. HP: 121/147 MP: 35/35
 42499 | Vaults:1 | Bought a +6 ring of intelligence for 760 gold pieces
 42513 | Vaults:1 | Learned a level 6 spell: Invisibility
 43536 | Vaults:3 | Received a gift from Okawaru
 44184 | Vaults:3 | Received a gift from Okawaru
 44585 | Vaults:3 | Received a gift from Okawaru
 45283 | Vaults:4 | Noticed Saint Roka
 45666 | Vaults:4 | Killed Saint Roka
 45694 | Vaults:3 | Reached XP level 20. HP: 109/155 MP: 37/37
 46308 | Vaults:4 | Received a gift from Okawaru
 46327 | Vaults:4 | Got a pair of bloodstained boots {god gift}
 46333 | Vaults:4 | Identified the +2 pair of boots of Complete Protection
                  | {Str+3 SInv} (Okawaru gifted it to you on level 4 of the
                  | Vaults)
 46379 | Vaults:4 | Noticed Jory
 46944 | Vaults:4 | Killed Jory
 47941 | Vaults:5 | Entered Level 5 of the Vaults
 48178 | Vaults:5 | Received a gift from Okawaru
 48212 | Vaults:5 | Received a gift from Okawaru
 48501 | Vaults:5 | Reached XP level 21. HP: 113/163 MP: 38/38
 49043 | Vaults:5 | Identified the +6 chain mail of the Sparrow {Int+7 SInv}
 49056 | Vaults:5 | HP: 5/164 [vault guard/+0 great mace (10)]
 49442 | Elf:1    | Entered Level 1 of the Elven Halls
 49457 | Elf:1    | HP: 8/164 [deep elf archer/arrow (12)]
 49459 | Elf:1    | Shot with an arrow by a deep elf archer

Illustrated notes

Levels and vault maps discovered:
D:1:      dpeg_arrival_arbitrary_c, layout_loops_corners, item_on_display_a
D:2:      layout_basic, grunt_qazlal_sundering, uniq_crazy_yiuf_cottage,
          uniq_sigmund
D:3:      layout_basic
D:4:      layout_rooms, serial_glass, glass_columns_c, glass_columns_c,
          glass_columns_a, glass_columns_a, glass_columns_a, glass_columns_b,
          glass_columns_a, glass_columns_a, glass_columns_a, glass_columns_c,
          glass_columns_c, glass_columns_a, glass_columns_b, glass_columns_a
D:5:      layout_loops_corners, kennysheep_mini_moat, first_ration,
          enter_ossuary_1, uniq_edmund
D:6:      layout_basic
D:7:      layout_cave_pools, elyvilon_altar_1, okawaru_gym_becter,
          lemuel_temple_firewalk_a, serial_gnoll_camp, gnoll_camp_mini_hut,
          gnoll_camp_medium_02, gnoll_camp_mini_basic, gnoll_camp_mini_sergeant,
          serial_shops, nicolae_shop_crystal, shop, kennysheep_little_box,
          uniq_duvessa
D:8:      layout_rooms, lemuel_round_altar, serial_shops, nicolae_shop_trees
D:9:      layout_basic, orc_0_dummy, blue_anna_alchemist
          [blue_anna_fruit_fields, blue_anna_fruit_fields]
D:10:     statuecave_lemuel, layout_basic, cheibriados_altar_1, uniq_fannar
D:11:     layout_loops_corners, erik_lair_island, minmay_misc_feat_four_crosses
D:12:     layout_cave_pools, gammafunk_ghost_necromancy, chequers_arboretum,
          minmay_shop_mayhem, ashenzari_altar_1
D:13:     layout_long_grid, david_vaults_1, enter_bailey_8
D:14:     minmay_slanted_spiral_squares, layout_long_grid, serial_shops,
          nicolae_shop_stone, chequers_serial_rivers_marsh,
          portal_ice_cave_entry_ice_beasts, lemuel_oklob_altar, uniq_josephine
D:15:     grunt_enter_depths_snipers, layout_rooms, hangedman_decor_lopped,
          grunt_gozag_breadcrumbs
Temple:   eino_narrow_crystal_temple
Lair:1:   layout_chaotic_city, gammafunk_ghost_split
Lair:2:   layout_regular_city, serial_bayou_pond_c,
          chequers_serial_rivers_room_b, lemuel_fruit_fields
Lair:3:   layout_loops_ring, swamp_mist_pool, serial_bayou_shore_a
Lair:4:   layout_long_grid, nicolae_spider_entry_orb_guardian,
          gammafunk_ghost_wrathful_warriors, cheibrodos_lair_lostbears
Lair:5:   layout_regular_city, minmay_slime_entry_oklob_enclosed,
          hellmonk_ghost_happy_afterlife, uniq_sonja
Lair:6:   evil_forest, layout_regular_city, hibernation_bobbens,
          grunt_megastairs_3
Swamp:1:  layout_falls_marsh, evilmike_swamp_ruin_house_6,
          infiniplex_staircase_pool
Swamp:2:  layout_basic_swamp, serial_swamp_ruin, evilmike_swamp_ruin_rubble_2,
          evilmike_swamp_ruin_rubble_1, evilmike_swamp_ruin_house_2
Swamp:3:  layout_basic_swamp, nicolae_swamp_trees_clearing
Swamp:4:  swamp_pestilence, layout_basic_swamp
Spider:1: layout_spider_delve, uniq_roxanne
Spider:2: layout_spider_delve
Spider:3: layout_spider_delve
Spider:4: grunt_spider_rune_circles, uniq_asterion
Orc:1:    layout_diamond_mine
Orc:2:    pf_orc_diabolical, layout_caves, serial_shops,
          nicolae_shop_statue_plus
Elf:1:    layout_rooms, serial_shops, freezing_bzr, hangedman_elf_represent
Vaults:1: hangedman_vaults_nodes, vaults_mumra_hexcomb,
          hangedman_vaults_stretched_pinwheel, hangedman_vaults_pinch,
          ontoclasm_vaults_claustrophobia, nicolae_vaults_network_square,
          ontoclasm_vaults_shuriken, grunt_vaults_swirl, vaults_room_hallway,
          vaults_dpeg_diagonal, layout_vaults_big_room, serial_shops, shop,
          nicolae_shop_waterfront
Vaults:2: ebering_vaults_ghost_reflecting_pool, v_misc_4,
          nicolae_vaults_little_squares_6, v_misc_2, v_misc_30,
          layout_vaults_omnigrid, dummy_crypt_entry
Vaults:3: v_pattern_5, vaults_room_fours, grunt_vaults_diagonal,
          vaults_room_fours, vaults_room_large_hall, v_alt_pattern_5,
          vaults_dpeg_doors, nicolae_vaults_asterisk, vaults_dpeg_hooks,
          nicolae_vaults_statue_guard, v_rooms_1, vaults_room_pools,
          nicolae_vaults_diagonal_hallway_7, layout_vaults_omnicross
Vaults:4: v_misc_31, vaults_mumra_minichess, v_alt_pattern_1,
          nicolae_vaults_angled_halls, v_misc_4, ontoclasm_vaults_bender,
          nicolae_vaults_three_branches, v_pattern_1,
          nicolae_vaults_little_squares_3, nicolae_vaults_halls_meeting,
          vaults_standard_mumra_x, ontoclasm_vaults_pinch, layout_vaults_ring,
          uniq_jory, uniq_saint_roka
Vaults:5: serial_shops
Depths:1: evilmike_cross, layout_cave_shapes, serial_sigils_hangedman_snap,
          grunt_metal_band, lightli_gold_pyramid

Skill      XL: |  1  2  3  4  5  6  7  8  9 10 11 12 13 14 15 16 17 18 19 20 |
---------------+-------------------------------------------------------------+-----
Charms         | 2 3 4 5 6 7 8 9 10 11 | 11.9
Ice Magic      | 2 3 4 5 6 7 8 9 10 11 | 11.9
Invocations    | 1 2 3 4 5 6 7 8 9 10 11 12 13 14 | 14.7
Fighting       | 1 2 3 4 5 6 7 8 9 10 11 12 13 | 13.6
Short Blades   | 1 2 3 4 5 6 7 8 9 10 11 12 13 | 13.6
Long Blades    | 1 2 3 4 5 6 7 8 9 10 11 12 13 | 13.6
Axes           | 1 2 3 4 5 6 7 8 9 10 11 12 13 | 13.6
Maces & Flails | 1 2 3 4 5 6 7 8 9 10 11 12 13 | 13.6
Polearms       | 1 2 3 4 5 6 7 8 9 10 11 12 13 | 13.6
Staves         | 1 2 3 4 5 6 7 8 9 10 11 12 13 | 13.6
Slings         | 1 2 3 4 5 6 7 8 9 10 11 12 13 | 13.6
Bows           | 1 2 3 4 5 6 7 8 9 10 11 12 13 | 13.6
Crossbows      | 1 2 3 4 5 6 7 8 9 10 11 12 13 | 13.6
Armour         | 1 2 3 4 5 6 7 8 9 10 11 12 13 | 13.6
Dodging        | 1 2 3 4 5 6 7 8 9 10 11 12 13 | 13.6
Stealth        | 1 2 3 4 5 6 7 8 9 10 11 12 13 | 13.6
Shields        | 1 2 3 4 5 6 7 8 9 10 11 12 13 | 13.6
Unarmed Combat | 1 2 3 4 5 6 7 8 9 10 11 12 13 | 13.6
Spellcasting   | 3 4 5 6 7 8 9 10 11 12 13 | 13.9
Conjurations   | 1 2 3 4 5 6 7 8 9 10 11 | 11.7
Hexes          | 1 2 3 4 5 6 7 8 9 10 11 | 11.7
Necromancy     | 1 2 3 4 5 6 7 8 9 10 11 | 11.7
Translocations | 1 2 3 4 5 6 7 8 9 10 11 | 11.7
Transmutations | 1 2 3 4 5 6 7 8 9 10 11 | 11.7
Fire Magic     | 1 2 3 4 5 6 7 8 9 10 11 | 11.7
Air Magic      | 1 2 3 4 5 6 7 8 9 10 11 | 11.7
Earth Magic    | 1 2 3 4 5 6 7 8 9 10 11 | 11.7
Poison Magic   | 1 2 3 4 5 6 7 8 9 10 11 | 11.7
Evocations     | 1 2 3 4 5 6 7 8 9 10 11 12 13 | 13.6
Throwing       | 5 6 7 8 9 10 11 12 13 14 | 14.2
Summonings     | 9 10 11 12 13 14 | 14.1

Action                   |  1- 3 |  4- 6 |  7- 9 | 10-12 | 13-15 | 16-18 | 19-21 || total
-------------------------+-------+-------+-------+-------+-------+-------+-------++-------
Melee: Dagger            |    51 |       |    34 |   365 |   713 |   793 |   291 ||  2247
       Bite              |     2 |     6 |    50 |    68 |   242 |   206 |   361 ||   935
       Quarterstaff      |     2 |    46 |   318 |       |       |       |       ||   366
       Punch             |       |       |       |    17 |    87 |    24 |       ||   128
       Demon whip        |       |       |       |       |   511 |       |       ||   511
       Demon blade       |       |       |       |       |    82 |   327 |  1211 ||  1620
       Maul              |       |       |       |       |       |    50 |       ||    50
 Fire: Shortbow          |       |       |     9 |       |       |       |       ||     9
Throw: Dart              |    20 |       |    10 |     1 |     8 |     7 |    11 ||    57
       Stone             |    11 |       |       |       |       |       |       ||    11
       Boomerang         |       |       |    39 |   184 |   116 |   130 |       ||   469
       Javelin           |       |       |    16 |    14 |    26 |     4 |       ||    60
       Throwing net      |       |       |       |     5 |       |       |       ||     5
 Cast: Call Imp          |    36 |    28 |    80 |    18 |     5 |       |       ||   167
       Blink             |       |       |     7 |     2 |       |     8 |     3 ||    20
       Mephitic Cloud    |       |       |       |    57 |   169 |    74 |    14 ||   314
       Ignite Poison     |       |       |       |    14 |    26 |    15 |       ||    55
       Ozocubu's Armour  |       |       |       |     6 |     5 |     4 |       ||    15
       Petrify           |       |       |       |       |    12 |    37 |     5 ||    54
       Summon Butterflie |       |       |       |       |     6 |     8 |       ||    14
       Hailstorm         |       |       |       |       |    10 |       |       ||    10
       Ensorcelled Hiber |       |       |       |       |    24 |    24 |     1 ||    49
       Summon Ice Beast  |       |       |       |       |    19 |     1 |       ||    20
       Stone Arrow       |       |       |       |       |    11 |   239 |    43 ||   293
       Iskenderun's Batt |       |       |       |       |       |    44 |     3 ||    47
       Lee's Rapid Decon |       |       |       |       |       |    25 |     3 ||    28
       Invisibility      |       |       |       |       |       |       |    13 ||    13
Invok: Heroism           |       |       |       |       |       |     1 |     3 ||     4
       Finesse           |       |       |       |       |       |       |     1 ||     1
Evoke: Wand              |       |       |       |     1 |     6 |     1 |     3 ||    11
  Use: Scroll            |       |     2 |     1 |    20 |     7 |    16 |    18 ||    64
       Potion            |       |       |     9 |       |    12 |     6 |     8 ||    35
 Stab: Sleeping          |     1 |     1 |    12 |    16 |    34 |    38 |    20 ||   122
       Paralysed         |       |       |     6 |       |       |       |       ||     6
       Distracted        |       |       |     6 |     1 |     3 |     1 |     4 ||    15
       Petrifying        |       |       |     2 |       |     5 |       |     2 ||     9
       Confused          |       |       |     1 |    45 |   130 |    80 |     5 ||   261
       Held in net/web   |       |       |       |     2 |       |       |       ||     2
       Petrified         |       |       |       |       |     3 |    13 |     3 ||    19
       Invisible         |       |       |       |       |       |    22 |    64 ||    86
  Eat: Chunk             |     7 |     2 |    14 |    16 |    19 |    23 |    21 ||   102
       Ration            |       |     1 |     3 |     2 |     6 |     9 |     3 ||    24
Armor: Robe              |    15 |    13 |   114 |    16 |       |       |       ||   158
       Troll leather arm |       |       |       |    37 |   322 |   263 |   162 ||   784
Dodge: Dodged            |    55 |    28 |   284 |   169 |   936 |   911 |   673 ||  3056
       Repelled          |     3 |       |       |       |     3 |    13 |    33 ||    52
Block: Buckler           |       |       |       |       |       |   363 |   418 ||   781
       Rpst.: Demon blade |       |       |       |       |    25 |    38 |   124 ||   187
